 Dungeon Crawl Stone Soup version 0.26-a0-812-g31a745ddcd (webtiles) character file.

Game seed: 6446432715251724767

4 Lanoc the Ducker (level 1, 0/14 HPs)
             Began as a Merfolk Fire Elementalist on Nov 25, 2020.
             Slain by an adder (3 damage)
             ... on level 3 of the Dungeon.
             The game lasted 00:00:34 (121 turns).

Lanoc the Ducker (Merfolk Fire Elementalist)         Turns: 121, Time: 00:00:34

Health: 0/14       AC:  2    Str:  8    XL:     1   Next: 70%
Magic:  0/3        EV: 12    Int: 14    God:
Gold:   24         SH:  3    Dex: 14    Spells: 3/4 levels left

rFire    . . .     SeeInvis .   (no weapon)
rCold    . . .     Faith    .   b - +0 buckler
rNeg     . . .     Spirit   .   a - +0 robe
rPois    .         Reflect  .   (no helmet)
rElec    .         Harm     .   (no cloak)
rCorr    .         Rampage  .   (no gloves)
MR       .....                  (no boots)
Stlth    ++........             (no amulet)
HPRegen  0.04/turn              (no ring)
MPRegen  0.08/turn              (no ring)

@: lethally poisoned (0 -> -6)
A: change form in water, swift swim, stealthy swim
a: no special abilities


You were on level 3 of the Dungeon.
You visited 1 branch of the dungeon, and saw 3 of its levels.

You collected 24 gold pieces.

Inventory:

Armour
 a - a +0 robe (worn)
 b - a +0 buckler (worn)
Scrolls
 c - a scroll of identify {unknown}


   Skills:
 + Level 0.4 Fighting
 + Level 2.9 Dodging
 - Level 2.1 Stealth
 + Level 0.2 Shields
 - Level 2.0 Spellcasting
 + Level 1.0 Conjurations
 - Level 2.1 Fire Magic


You had 3 spell levels left.
You knew the following spells:

 Your Spells              Type           Power        Failure   Level
a - Foxfire               Conj/Fire      #...         21%         1

Your spell library contained the following spells:

 Spells                   Type           Power        Failure   Level
 Conjure Flame            Conj/Fire      #.......     52%         3
 Inner Flame              Hex/Fire       #.......     58%         3
 Sticky Flame             Conj/Fire      #.......     89%         4
 Fireball                 Conj/Fire      #.........   99%         5


Dungeon Overview and Level Annotations

Branches:
Dungeon (3/15)

Altars:


Message History

Casting: Foxfire (safe; 21% risk of failure)
Confirm with . or Enter, or press ? or * to list all spells.
You conjure some foxfire!
The adder barely misses you. The adder bites you.
You hit the adder.
The adder is lightly wounded.
The foxfire hits the adder.
The adder is heavily wounded.
The foxfire hits the kobold.
The kobold is heavily wounded.
The kobold shouts!
The adder bites you.
The kobold throws a poisoned dart.
The poisoned dart hits you.
You are poisoned.
You aren't carrying any potions.
You feel sick. The adder bites you.
* * * LOW HITPOINT WARNING * * *
The kobold throws a poisoned dart.
The poisoned dart barely misses you.
You see here a poisoned dart.
The adder closely misses you. The adder bites you.
You die...

#########..
#.(........
#@S.....r..
.................
....###....K.....
.. #..........
#..........
#######+###


You could see an adder, a kobold and a rat.

Vanquished Creatures
  A ball python (D:1)
  A giant cockroach (D:2)
  A kobold (D:2)
  A bat (D:1)
4 creatures vanquished.

Vanquished Creatures (others)
  10 foxfires
10 creatures vanquished.

Grand Total: 14 creatures vanquished

Notes
Turn   | Place    | Note
-------+----------+-------------------------------------------
     0 | D:1      | Lanoc the Merfolk Fire Elementalist began the quest for the
                  | Orb.
     0 | D:1      | Reached XP level 1. HP: 13/13 MP: 3/3
   102 | D:2      | Reached skill level 1 in Conjurations
   121 | D:3      | Slain by an adder

Illustrated notes

Levels and vault maps discovered:
D:1:      dpeg_arrival_shrine, layout_loops_ring, minmay_misc_feat_square,
          minmay_misc_feat_four_crosses
D:2:      lemuel_upstairs_altar, layout_loops_cross, lemuel_crystal_altar,
          lemuel_blue_sif_altar, uniq_terence
D:3:      gammafunk_wand_slinger, layout_basic, biasface_ghost_orc_armoury

Skill      XL: |  1 |
---------------+----+-----
Conjurations   | 1 |  1.0
Fighting       | |  0.4
Dodging        | |  2.9
Stealth        | |  2.1
Shields        | |  0.2
Spellcasting   | |  2.0
Fire Magic     | |  2.1

Action                   || total
-------------------------++-------
Melee: Unarmed           ||     4
 Cast: Foxfire           ||     6
 Stab: Sleeping          ||     1
Armor: Robe              ||     3
Dodge: Dodged            ||     4
Block: Buckler           ||     1

Table legend: (Time is in decaauts)
 A = Elapsed time spent in this place.
 B = Non-inter-level travel time spent in this place.
 C = Inter-level travel time spent in this place.
 D = Time resting spent in this place.
 E = Time spent auto-exploring this place.
 F = Levels seen in this place.
 G = Mean time per level.
                   A        B        C        D        E       F      G
               +--------+--------+--------+--------+--------+-----+--------+
         Total |    120 |    114 |      6 |      0 |     63 |   3 |   40.0 |
       Dungeon |    120 |    114 |      6 |      0 |     63 |   3 |   40.0 |
               +--------+--------+--------+--------+--------+-----+--------+

Top non-repeatable levels by time:
     D:1: 93 daAuts
     D:2: 22 daAuts
     D:3: 3 daAuts
